TOP OF THE 1ST |
Texas (APP) Rangers batting - Pitching for Princeton Rays : LHP Chris Bates
|
Pitching: LHP Chris Bates
|
|
Batting: RHB Jay De Angelis
|
0-0: Ball 1-0: Called Strike 1-1: Ball 2-1: Swinging Strike 2-2: Foul Ball, location: 2F 2-2: Ball 3-2: Strikes out swinging, 2-3 out at first.
|
Batting: LHB Walter Vegter
|
0-0: Ball 1-0: Ground out 6-3 (Groundball, 6, EV 81.2 MPH)
|
Batting: RHB Robby Adair
|
0-0: Fly out, F9 (Line Drive, 9D, EV 95.6 MPH)
|
Top of the 1st over - 0 runs, 0 hits, 0 errors, 0 left on base; Texas (APP) 0 - Princeton 0 |
BOTTOM OF THE 1ST |
Princeton Rays batting - Pitching for Texas (APP) Rangers : RHP Jim Canady
|
Pitching: RHP Jim Canady
|
|
Batting: SHB Chris Lockart
|
0-0: Foul Ball, location: 2F 0-1: Ball 1-1: Ball 2-1: Called Strike 2-2: Ground out 6-3 (Groundball, 6S, EV 65.0 MPH)
|
Batting: RHB James Huddleston
|
0-0: Called Strike 0-1: Ball 1-1: Ball 2-1: Foul Ball, location: 2F 2-2: Strikes out swinging
|
Batting: SHB Lou Kroneman
|
0-0: Ball 1-0: Ball 2-0: Foul Ball, location: 2F 2-1: Fly out, F8 (Flyball, 8LM, EV 96.2 MPH)
|
Bottom of the 1st over - 0 runs, 0 hits, 0 errors, 0 left on base; Texas (APP) 0 - Princeton 0 |
TOP OF THE 2ND |
Texas (APP) Rangers batting - Pitching for Princeton Rays : LHP Chris Bates
|
Batting: RHB Ryan Pastore
|
0-0: Ball 1-0: Foul Ball, location: 2F 1-1: Foul Ball, location: 2F 1-2: Strikes out swinging
|
Batting: RHB David Redman
|
0-0: Foul Ball, location: 2F 0-1: Ball 1-1: Foul Ball, location: 2F 1-2: Foul Ball, location: 2F 1-2: SINGLE (Flyball, 56D, EV 88.8 MPH)
|
Batting: RHB Matt Silva
|
0-0: Ball 1-0: Foul Ball, location: 2F 1-1: Ball 2-1: Ball 3-1: Fielders Choice at 2nd, 4-6 (Groundball, 13, EV 92.5 MPH)
|
Batting: SHB Mark Paquin
|
0-0: Fly out, F9 (Line Drive, 89M, EV 95.0 MPH)
|
Top of the 2nd over - 0 runs, 1 hit, 0 errors, 1 left on base; Texas (APP) 0 - Princeton 0 |
BOTTOM OF THE 2ND |
Princeton Rays batting - Pitching for Texas (APP) Rangers : RHP Jim Canady
|
Batting: RHB Wil Urban
|
0-0: Ball 1-0: Ball 2-0: Ball 3-0: Base on Balls
|
Batting: RHB Dan Marks
|
0-0: Called Strike 0-1: DOUBLE (Flyball, 9LD, EV 95.6 MPH) Wil Urban to third
|
Batting: SHB Wayne Hattan
|
0-0: Ball 1-0: Called Strike 1-1: Foul Ball, location: 2F 1-2: Ball 2-2: Foul Ball, location: 2F 2-2: SINGLE (Groundball, 4MD, EV 109.4 MPH) Wil Urban scores Dan Marks to third Runner from 3rd tries for Home, SAFE, throw by CF to home
|
Batting: RHB Hector Silva
|
0-0: Ball 1-0: Foul Ball, location: 2F 1-1: Ball 2-1: Swinging Strike 2-2: Foul Ball, location: 2F 2-2: Foul Ball, location: 2F 2-2: Ball 3-2: Ground out 4-3 (Groundball, 4S, EV 64.4 MPH) Wayne Hattan to second
|
Batting: RHB Bazyli Andrysiak
|
0-0: Ball 1-0: Ball 2-0: Called Strike 2-1: Foul Ball, location: 2F 2-2: Fly out, F9 (Line Drive, 89M, EV 93.1 MPH)
|
Batting: RHB Kunizo Yanagisawa
|
0-0: Ball 1-0: DOUBLE (Flyball, 78D, EV 96.9 MPH) Wayne Hattan scores
|
Batting: SHB Chris Lockart
|
0-0: Called Strike 0-1: Ball 1-1: Ball 2-1: Ball 3-1: Foul Ball, location: 2F 3-2: Ground out 4-3 (Groundball, 4, EV 97.5 MPH)
|
Bottom of the 2nd over - 3 runs, 3 hits, 0 errors, 1 left on base; Texas (APP) 0 - Princeton 3 |
TOP OF THE 3RD |
Texas (APP) Rangers batting - Pitching for Princeton Rays : LHP Chris Bates
|
Batting: RHB Rafael Tapia
|
0-0: Called Strike 0-1: Called Strike 0-2: Foul Ball, location: 2F 0-2: Ball 1-2: Strikes out swinging
|
Batting: SHB Albert Ortiz
|
0-0: Fly out, F8 (Line Drive, 8LM, EV 104.4 MPH)
|
Batting: RHB Jay De Angelis
|
0-0: Swinging Strike 0-1: Ball 1-1: Ball 2-1: Swinging Strike 2-2: Ball 3-2: Foul Ball, location: 2F 3-2: Strikes out looking
|
Top of the 3rd over - 0 runs, 0 hits, 0 errors, 0 left on base; Texas (APP) 0 - Princeton 3 |
BOTTOM OF THE 3RD |
Princeton Rays batting - Pitching for Texas (APP) Rangers : RHP Jim Canady
|
Batting: RHB James Huddleston
|
0-0: Swinging Strike 0-1: Ball 1-1: Ball 2-1: Ball 3-1: Base on Balls
|
Batting: SHB Lou Kroneman
|
0-0: Ball 1-0: Foul Ball, location: 2F 1-1: Hit by Pitch James Huddleston to second
|
Batting: RHB Wil Urban
|
0-0: Ball 1-0: Foul Ball, location: 2F 1-1: Ball 2-1: DOUBLE (Line Drive, 7LM, EV 108.1 MPH) James Huddleston scores Lou Kroneman to third
|
Batting: RHB Dan Marks
|
0-0: Ground out 6-3 (Groundball, 6, EV 77.5 MPH) Lou Kroneman scores
|
Batting: SHB Wayne Hattan
|
0-0: Ball 1-0: Foul Ball, location: 2F 1-1: DOUBLE (Groundball, 3L, EV 98.8 MPH) Wil Urban scores
|
Pitching: RHP Logan Dietz
|
|
Batting: RHB Hector Silva
|
0-0: Called Strike 0-1: Called Strike 0-2: Ground out 6-3 (Groundball, 6, EV 83.1 MPH)
|
Batting: RHB Bazyli Andrysiak
|
0-0: Called Strike 0-1: Foul Ball, location: 2F 0-2: Foul Ball, location: 2F 0-2: Ball 1-2: SINGLE (Flyball, 8RS, EV 90.6 MPH) Wayne Hattan to third
|
Batting: RHB Kunizo Yanagisawa
|
0-0: Ball 1-0: Swinging Strike 1-1: Ball 2-1: Swinging Strike 2-2: Foul Ball, location: 2F 2-2: Foul Ball, location: 2F 2-2: Foul Ball, location: 2F 2-2: Hit by Pitch Bazyli Andrysiak to second
|
Batting: SHB Chris Lockart
|
0-0: Fly out, F8 (Flyball, 8RS, EV 83.1 MPH)
|
Bottom of the 3rd over - 3 runs, 3 hits, 0 errors, 3 left on base; Texas (APP) 0 - Princeton 6 |
TOP OF THE 4TH |
Texas (APP) Rangers batting - Pitching for Princeton Rays : LHP Chris Bates
|
Batting: LHB Walter Vegter
|
0-0: Foul Ball, location: 2F 0-1: Ball 1-1: Foul Ball, location: 2F 1-2: Ball 2-2: Ground out 4-3 (Groundball, 4, EV 108.1 MPH)
|
Batting: RHB Robby Adair
|
0-0: Foul Ball, location: 2F 0-1: Ball 1-1: Ball 2-1: Fly out, F7 (Flyball, 7, EV 80.0 MPH)
|
Batting: RHB Ryan Pastore
|
0-0: Called Strike 0-1: Foul Ball, location: 2F 0-2: Ball 1-2: Foul Ball, location: 2F 1-2: Fly out, F3 (Popup, 34, EV 57.5 MPH)
|
Top of the 4th over - 0 runs, 0 hits, 0 errors, 0 left on base; Texas (APP) 0 - Princeton 6 |
BOTTOM OF THE 4TH |
Princeton Rays batting - Pitching for Texas (APP) Rangers : RHP Logan Dietz
|
Batting: RHB James Huddleston
|
0-0: Called Strike 0-1: Ball 1-1: Foul Ball, location: 2F 1-2: Foul Ball, location: 2F 1-2: Fly out, F8 (Line Drive, 8RD, EV 97.5 MPH)
|
Batting: SHB Lou Kroneman
|
0-0: Ball 1-0: Ball 2-0: Foul Ball, location: 2F 2-1: Ground out 3-1 (Groundball, 34S, EV 80.0 MPH)
|
Batting: RHB Wil Urban
|
0-0: Ball 1-0: Ball 2-0: Called Strike 2-1: Called Strike 2-2: Strikes out looking
|
Bottom of the 4th over - 0 runs, 0 hits, 0 errors, 0 left on base; Texas (APP) 0 - Princeton 6 |
TOP OF THE 5TH |
Texas (APP) Rangers batting - Pitching for Princeton Rays : LHP Chris Bates
|
Batting: RHB David Redman
|
0-0: Called Strike 0-1: Ball 1-1: SOLO HOME RUN (Line Drive, 8LXD, EV 105.6 MPH), Distance : 442 ft
|
Batting: RHB Matt Silva
|
0-0: Called Strike 0-1: Ball 1-1: Foul Ball, location: 2F 1-2: Ground out 6-3 (Groundball, 6M, EV 108.1 MPH)
|
Batting: SHB Mark Paquin
|
0-0: Called Strike 0-1: Ball 1-1: Fly out, F8 (Flyball, 78XD, EV 109.4 MPH)
|
Batting: RHB Rafael Tapia
|
0-0: Ball 1-0: Ground out 3-1 (Groundball, 34, EV 91.9 MPH)
|
Top of the 5th over - 1 run, 1 hit, 0 errors, 0 left on base; Texas (APP) 1 - Princeton 6 |
BOTTOM OF THE 5TH |
Princeton Rays batting - Pitching for Texas (APP) Rangers : RHP Logan Dietz
|
Batting: RHB Dan Marks
|
0-0: Ball 1-0: Ball 2-0: Ball 3-0: Base on Balls
|
Batting: SHB Wayne Hattan
|
0-0: Foul Ball, location: 2F 0-1: Ball 1-1: 2-RUN HOME RUN (Flyball, 9D, EV 98.1 MPH), Distance : 393 ft
|
Batting: RHB Hector Silva
|
0-0: Ball 1-0: Swinging Strike 1-1: Ball 2-1: Called Strike 2-2: Strikes out swinging
|
Batting: RHB Bazyli Andrysiak
|
0-0: Ball 1-0: Called Strike 1-1: Ball 2-1: Foul Ball, location: 2F 2-2: Fly out, F9 (Flyball, 89S, EV 93.8 MPH)
|
Batting: RHB Kunizo Yanagisawa
|
0-0: Ball 1-0: Ball 2-0: Ground out 5-3 (Groundball, 56, EV 104.4 MPH)
|
Bottom of the 5th over - 2 runs, 1 hit, 0 errors, 0 left on base; Texas (APP) 1 - Princeton 8 |
TOP OF THE 6TH |
Texas (APP) Rangers batting - Pitching for Princeton Rays : LHP Chris Bates
|
Batting: SHB Albert Ortiz
|
0-0: Called Strike 0-1: Ground out 6-3 (Groundball, 6, EV 83.8 MPH)
|
Batting: RHB Jay De Angelis
|
0-0: Called Strike 0-1: Ball 1-1: Foul Ball, location: 2F 1-2: Ground out 6-3 (Groundball, 6, EV 90.0 MPH)
|
Batting: LHB Walter Vegter
|
0-0: Ball 1-0: Foul Ball, location: 2F 1-1: Ground out 5-3 (Groundball, 56S, EV 85.0 MPH)
|
Top of the 6th over - 0 runs, 0 hits, 0 errors, 0 left on base; Texas (APP) 1 - Princeton 8 |
BOTTOM OF THE 6TH |
Princeton Rays batting - Pitching for Texas (APP) Rangers : RHP Logan Dietz
|
Batting: SHB Chris Lockart
|
0-0: Ball 1-0: Called Strike 1-1: Fly out, F6 (Line Drive, 6, EV 75.6 MPH)
|
Batting: RHB James Huddleston
|
0-0: Swinging Strike 0-1: Foul Ball, location: 2F 0-2: Foul Ball, location: 2F 0-2: DOUBLE (Line Drive, 9LS, EV 109.4 MPH)
|
Batting: SHB Lou Kroneman
|
0-0: Ball 1-0: Called Strike 1-1: SINGLE (Line Drive, 8LS, EV 105.6 MPH) James Huddleston to third
|
Batting: RHB Wil Urban
|
0-0: Ball 1-0: Called Strike 1-1: Foul Ball, location: 2F 1-2: Foul Ball, location: 2F 1-2: Ball 2-2: Foul Ball, location: 2F 2-2: Foul Ball, location: 2F 2-2: Grounds into double play, 6-4-3 (Groundball, 6, EV 86.2 MPH)
|
Bottom of the 6th over - 0 runs, 2 hits, 0 errors, 1 left on base; Texas (APP) 1 - Princeton 8 |
TOP OF THE 7TH |
Texas (APP) Rangers batting - Pitching for Princeton Rays : LHP Chris Bates
|
Batting: RHB Robby Adair
|
0-0: Called Strike 0-1: Foul Ball, location: 2F 0-2: Ball 1-2: Foul Ball, location: 2F 1-2: SINGLE (Flyball, 8LS, EV 93.8 MPH)
|
Pinch Hitting: RHB Alex Lopez
|
0-0: Called Strike 0-1: Foul Ball, location: 2F 0-2: Ball 1-2: Ball Robby Adair steals 2nd base (no throw) 2-2: Foul Ball, location: 2F 2-2: SINGLE (Groundball, 6MS, EV 66.9 MPH) (infield hit) Robby Adair to third
|
Pitching: RHP Takenori Iwata
|
|
Batting: RHB David Redman
|
0-0: Ball 1-0: Ball 2-0: Foul Ball, location: 2F 2-1: 3-RUN HOME RUN (Flyball, 89XD, EV 110.6 MPH), Distance : 417 ft
|
Pinch Hitting: LHB Justin Wheelock
|
0-0: Ball 1-0: Ball 2-0: Ball 3-0: Base on Balls
|
Batting: SHB Mark Paquin
|
0-0: Called Strike 0-1: Ball 1-1: Ball 2-1: Bunt missed! 2-2: Fielders Choice at 2nd, 6-4 (Groundball, 6, EV 85.0 MPH)
|
Pinch Hitting: LHB Steven Frederick
|
0-0: Fly out, F8 (Flyball, 89M, EV 97.5 MPH)
|
Batting: SHB Albert Ortiz
|
0-0: Ball 1-0: SINGLE (Line Drive, 8RS, EV 114.4 MPH) Mark Paquin to second Runner from 2nd tries for 3rd, SAFE, throw by CF made to third
|
Batting: RHB Jay De Angelis
|
0-0: Ball 1-0: Called Strike 1-1: Ball 2-1: Called Strike 2-2: Reached on error, E2 (Groundball, 15S, EV 77.5 MPH) Mark Paquin scores Albert Ortiz to third
|
Batting: LHB Walter Vegter
|
0-0: Ball 1-0: Ball 2-0: Foul Ball, location: 2F 2-1: SINGLE (Groundball, 5S, EV 70.6 MPH) (infield hit) Albert Ortiz scores Jay De Angelis to third
|
Pitching: RHP Tim Inman
|
|
Batting: RHB Robby Adair
|
0-0: Swinging Strike 0-1: Ball 1-1: Called Strike 1-2: Foul Ball, location: 2F 1-2: Ball 2-2: Ball 3-2: Fly out, F7 (Flyball, 7S, EV 89.4 MPH)
|
Top of the 7th over - 5 runs, 5 hits, 1 error, 2 left on base; Texas (APP) 6 - Princeton 8 |
BOTTOM OF THE 7TH |
Princeton Rays batting - Pitching for Texas (APP) Rangers : RHP Logan Dietz
|
Pitching: RHP Tim Laverty
|
|
Now at 1B: Justin Wheelock
|
|
Now at 2B: Alex Lopez
|
|
Now at SS: Mark Paquin
|
|
Now in RF: Steven Frederick
|
|
Batting: RHB Dan Marks
|
0-0: SINGLE (Groundball, 56S, EV 71.2 MPH) (infield hit)
|
Batting: SHB Wayne Hattan
|
0-0: Fly out, F8 (Flyball, 8RS, EV 88.8 MPH)
|
Batting: RHB Hector Silva
|
0-0: Called Strike 0-1: Ball 1-1: Ball Dan Marks steals 2nd base 2-1: Foul Ball, location: 2F 2-2: Foul Ball, location: 2F 2-2: Foul Ball, location: 2F 2-2: SINGLE (Groundball, 6MD, EV 105.6 MPH) Dan Marks to third Runner from 3rd tries for Home, throw by CF and OUT! 8-2
|
Batting: RHB Bazyli Andrysiak
|
Pickoff Throw to First - Out! 1-3
|
Bottom of the 7th over - 0 runs, 2 hits, 0 errors, 0 left on base; Texas (APP) 6 - Princeton 8 |
TOP OF THE 8TH |
Texas (APP) Rangers batting - Pitching for Princeton Rays : RHP Tim Inman
|
Now at C: James Huddleston
|
|
Now at 3B: Zach Rose
|
|
Batting: RHB Alex Lopez
|
0-0: Foul Ball, location: 2F 0-1: Foul Ball, location: 2F 0-2: Strikes out looking
|
Batting: RHB David Redman
|
0-0: Ball 1-0: Ball 2-0: Called Strike 2-1: Ball 3-1: Swinging Strike 3-2: Strikes out swinging
|
Batting: LHB Justin Wheelock
|
0-0: Called Strike 0-1: Ball 1-1: Called Strike 1-2: Strikes out looking
|
Top of the 8th over - 0 runs, 0 hits, 0 errors, 0 left on base; Texas (APP) 6 - Princeton 8 |
BOTTOM OF THE 8TH |
Princeton Rays batting - Pitching for Texas (APP) Rangers : RHP Tim Laverty
|
Batting: LHB Zach Rose
|
0-0: Called Strike 0-1: Foul Ball, location: 2F 0-2: Fly out, F8 (Line Drive, 8LD, EV 103.8 MPH)
|
Batting: RHB Kunizo Yanagisawa
|
0-0: Called Strike 0-1: Ball 1-1: Ball 2-1: Foul Ball, location: 2F 2-2: Fly out, F5 (Line Drive, 5, EV 63.8 MPH)
|
Batting: SHB Chris Lockart
|
0-0: Called Strike 0-1: Ball 1-1: SINGLE (Groundball, 6S, EV 62.5 MPH) (infield hit)
|
Batting: RHB James Huddleston
|
0-0: Ball 1-0: Ball Chris Lockart steals 2nd base 2-0: Foul Ball, location: 2F 2-1: Fly out, F8 (Flyball, 8RD, EV 93.1 MPH)
|
Bottom of the 8th over - 0 runs, 1 hit, 0 errors, 1 left on base; Texas (APP) 6 - Princeton 8 |
TOP OF THE 9TH |
Texas (APP) Rangers batting - Pitching for Princeton Rays : RHP Tim Inman
|
Pitching: RHP Cody Wilharm
|
|
Batting: SHB Mark Paquin
|
0-0: Foul Ball, location: 2F 0-1: Swinging Strike 0-2: Ball 1-2: Strikes out looking
|
Batting: LHB Steven Frederick
|
0-0: Ball 1-0: Ball 2-0: Swinging Strike 2-1: Ball 3-1: Base on Balls
|
Pinch Hitting: LHB Tomoya Hashimoto
|
0-0: Called Strike 0-1: Called Strike 0-2: Ball 1-2: Ground out 5-3 (Groundball, 56, EV 83.8 MPH) Steven Frederick to second
|
Batting: RHB Jay De Angelis
|
0-0: Ball 1-0: Ball 2-0: Ball Passed Ball! Steven Frederick to third 3-0: Called Strike 3-1: DOUBLE (Groundball, 5L, EV 94.4 MPH) Steven Frederick scores
|
Batting: LHB Walter Vegter
|
0-0: Ball 1-0: SINGLE (Groundball, 56D, EV 104.4 MPH) Jay De Angelis to third Runner from 3rd tries for Home, throw by LF and OUT! 7-2
|
Top of the 9th over - 1 run, 2 hits, 0 errors, 1 left on base; Texas (APP) 7 - Princeton 8 |
|